 Dungeon Crawl Stone Soup version 0.23-a0-622-g59b4ea9 (webtiles) character file.

9114 Matador8 the Slicer (level 11, -4/81 HPs)
             Began as a Human Necromancer on Dec 23, 2018.
             Was a Believer of Kikubaaqudgha.
             Slain by a wolf (8 damage)
             ... led by Grum
             ... on level 11 of the Dungeon.
             The game lasted 02:08:22 (15020 turns).

Matador8 the Slicer (Human Necromancer)            Turns: 15020, Time: 02:08:22

Health: -4/81      AC:  8    Str: 10    XL:     11   Next: 68%
Magic:  5/19       EV: 13    Int: 18    God:    Kikubaaqudgha [**....]
Gold:   606        SH:  0    Dex: 13    Spells: 12/21 levels left

rFire    . . .     SeeInvis .   J - +8 rapier of Quantum Leap {pierce, rC+}
rCold    + . .     Gourm    .   (no shield)
rNeg     . . .     Faith    .   o - +0 ring mail
rPois    .         Spirit   .   (no helmet)
rElec    .         Reflect  .   N - +0 cloak
rCorr    .         Harm     .   (no gloves)
MR       .....                  a - +0 pair of boots
Stlth    ++........             R - amulet of rage
HPRegen  0.23/turn              q - +2 ring of evasion
MPRegen  0.16/turn              (no ring)

@: about to teleport, very slightly contaminated
A: no striking features
a: Receive Corpses, Renounce Religion, Evoke Berserk Rage


You were on level 11 of the Dungeon.
You worshipped Kikubaaqudgha.
Kikubaaqudgha was pleased with you.
You were very hungry.

You visited 2 branches of the dungeon, and saw 12 of its levels.
You also visited: Bailey.

You collected 606 gold pieces.

Inventory:

Hand Weapons
 t - a +3 longbow of freezing
 x - a +0 dagger of freezing
 z - a +1 short sword of speed
 J - the +8 rapier of Quantum Leap (weapon) {pierce, rC+}
   (You found it on level 6 of the Dungeon)

   It inflicts extra damage upon your enemies.
   It protects you from cold.
Missiles
 h - 232 arrows
 m - 70 poisoned needles
 s - 2 needles of confusion
 U - 2 throwing nets (quivered)
Armour
 a - a +0 pair of boots (worn)
 e - a +0 plate armour
 j - a +0 scale mail
 o - a +0 ring mail (worn)
 r - a scarf of spirit shield
 B - a scarf of repulsion
 N - a +0 cloak (worn)
 V - a +0 crystal plate armour
Magical Staves
 X - an uncursed staff of energy {unknown}
Jewellery
 q - a +2 ring of evasion (left hand)
 v - an uncursed ring of flight
 M - an uncursed amulet of the acrobat
 R - an amulet of rage (around neck)
Wands
 d - a wand of digging (6)
 E - a wand of iceblast (11)
 G - a wand of random effects (16)
 K - a wand of polymorph (10)
 L - a wand of acid (10)
 T - a wand of flame (15)
Scrolls
 b - 4 scrolls of enchant weapon
 g - a scroll of fog {unknown}
 i - 3 scrolls of identify
 k - a scroll of immolation
 l - a scroll of noise
 u - 4 scrolls of amnesia
 y - 5 scrolls of enchant armour
 C - 5 scrolls of remove curse
 O - 2 scrolls of teleportation
 P - 2 scrolls of magic mapping {unknown}
 Q - a scroll of random uselessness {unknown}
Potions
 f - 2 potions of haste
 p - a potion of might {unknown}
 w - 2 potions of lignification
 A - a potion of invisibility {unknown}
 D - 4 potions of ambrosia {unknown}
 F - a potion of flight {unknown}
 I - 2 potions of curing {unknown}
 S - 3 potions of degeneration {unknown}
 W - a potion of mutation {unknown}
Comestibles
 c - 16 rations


   Skills:
 - Level 6.0 Fighting
 + Level 9.8(10.3) Short Blades
   Level 5.2(8.2) Long Blades
 - Level 4.1 Armour
 - Level 2.0 Dodging
 - Level 3.0 Stealth
 + Level 5.9 Spellcasting
 - Level 7.7 Necromancy
 - Level 6.1 Evocations


You had 12 spell levels left.
You knew the following spells:

 Your Spells              Type           Power        Failure   Level  Hunger
a - Pain                  Necr           ####         1%          1    None
b - Animate Skeleton      Necr           N/A          1%          1    None
c - Vampiric Draining     Necr           ####......   3%          3    ##.....
d - Animate Dead          Necr           N/A          12%         4    ####...

Your spell library contained the following spells:

 Spells                   Type           Power        Failure   Level  Hunger
 Sublimation of Blood     Necr           ####......   1%          2    None
 Regeneration             Chrm/Necr      ###.......   19%         3    ##.....
 Beastly Appendage        Tmut           #.....       30%         1    None
 Sandblast                Erth           #.....       30%         1    None
 Passwall                 Tmut/Erth      #.......     41%         2    None
 Sticks to Snakes         Tmut           #.......     41%         2    None
 Spider Form              Tmut/Pois      #.........   65%         3    ##.....
 Stone Arrow              Conj/Erth      #.....       65%         3    ##.....
 Ice Form                 Ice/Tmut       #.......     96%         4    ####...
 Petrify                  Tmut/Erth      #.......     96%         4    ####...
 Blade Hands              Tmut           #.........   100%        5    #####..
 Lee's Rapid Deconstruct  Erth           #.........   100%        5    #####..


Dungeon Overview and Level Annotations

Branches:
Dungeon (11/15)            Temple (1/1) D:6            Lair (0/6) D:9
    Orc: D:9-12

Altars:
Ashenzari
Cheibriados
Dithmenos
Elyvilon
Fedhas
Gozag
Hepliaklqana
Kikubaaqudgha
Makhleb
Nemelex Xobeh
Okawaru
Qazlal
Ru
Sif Muna
Trog
Uskayaw
Vehumet
Wu Jian
Xom
Yredelemnul
Zin
The Shining One

Shops:
D:8 *

Annotations:
D:5 Sigmund
D:6 3 runed doors, tilp's ghost, novice MfIE
D:9 3 runed doors, phyphor's ghost, novice SpEn
D:11 Nergalle


Message History

A brown ugly thing comes into view.
The wolf bites your two-headed ogre zombie.
The wolf barely misses you.
The wolf bites your two-headed ogre zombie!
Your two-headed ogre zombie closely misses the wolf.
Your two-headed ogre zombie hits the wolf with a +0 giant club!!
The wolf dies!
Kikubaaqudgha accepts your kill. The ogre hits you with a +0 giant club!
* * * LOW HITPOINT WARNING * * *
Okay, then.
Unknown command.
Press: ? - help, v - describe, . - travel
Here: a wolf The floor.
Okay, then.
As you read the scroll of teleportation, it crumbles to dust.
You feel strangely unstable. The wolf bites you!
You die...
Kikubaaqudgha rasps: "You have failed me!
Welcome... death!"

#.<....... ..## #.........
# .. #......... # ....
#......... ..##
#...###......... .....
#............... ..)..
#................ .....
#......h.........# .....
#....$.O@........# ...##
#................###...
##.....................
.......................
.....u..Z.................
.....###.Z................
##... #Z.................
#.. #C................. #
#..................


You could see a brown ugly thing, a cyclops, an ogre, a wolf, a friendly goblin
zombie, a friendly orc wizard zombie and a friendly two-headed ogre zombie.

Vanquished Creatures
  4 two-headed ogres
  A gargoyle (D:11)
  A troll (D:10)
  A hornet (D:11)
  2 hippogriffs
  A wyvern (D:11)
  6 yaks
  Grum (D:10)
  A water moccasin (D:8)
  4 orc warriors
  2 ice beasts
  2 ogres
  A wolf (D:9)
  5 centaurs
  A crocodile (D:10)
  A big kobold (D:8)
  6 bullfrogs
  A wyvern skeleton (D:11)
  2 scorpions
  A water moccasin zombie (D:10)
  7 howler monkeys
  4 crimson imps
  A centaur zombie (D:7)
  A gnoll shaman (D:9)
  2 centaur skeletons
  3 jellies
  3 hounds
  9 orc priests
  Crazy Yiuf (D:6)
  15 orc wizards
  2 bullfrog skeletons
  An iguana (D:9)
  10 worker ants
  A killer bee zombie (D:8)
  6 gnolls
  3 howler monkey skeletons
  An adder (D:10)
  2 hound simulacra (D:9)
  A shadow imp (D:6)
  2 white imps (D:9)
  A worker ant simulacrum (D:9)
  An ufetubus (D:9)
  An ooze (D:3)
  3 worms
  An adder zombie (D:8)
  2 dart slugs
  An adder simulacrum (D:9)
  7 leopard geckos
  28 orcs
  3 giant cockroaches
  11 goblins
  6 hobgoblins
  13 jackals
  12 kobolds
  4 quokkas
  A ball python (D:7)
  3 bats
  7 frilled lizards
  A jackal skeleton (D:4)
  A leopard gecko skeleton (D:7)
  2 quokka zombies
  3 rats
231 creatures vanquished.

Vanquished Creatures (collateral kills)
  Psyche (D:8)
  Prince Ribbit (D:6)
  A yak (D:9)
  An orc warrior (D:9)
  An ice beast (D:8)
  A wolf (D:11)
  An electric eel (D:9)
  2 howler monkeys
  A crimson imp (D:8)
  2 adders (D:2)
  A leopard gecko (D:1)
  An orc (D:6)
  A goblin (D:3)
  3 jackals
  2 bats
20 creatures vanquished.

Grand Total: 251 creatures vanquished

Notes
Turn   | Place    | Note
-------+----------+-------------------------------------------
     0 | D:1      | Matador8 the Human Necromancer began the quest for the Orb.
     0 | D:1      | Reached XP level 1. HP: 13/13 MP: 3/3
     2 | D:1      | Learned a level 1 spell: Animate Skeleton
   191 | D:1      | Reached XP level 2. HP: 11/19 MP: 0/5
   560 | D:1      | Reached XP level 3. HP: 23/24 MP: 4/6
   565 | D:1      | Learned a level 3 spell: Vampiric Draining
  1247 | D:2      | Reached XP level 4. HP: 22/30 MP: 1/7
  1273 | D:2      | Reached skill level 5 in Necromancy
  1417 | D:2      | Found a faded altar of an unknown god.
  2603 | D:2      | Reached skill level 1 in Long Blades
  2603 | D:2      | Reached XP level 5. HP: 13/35 MP: 2/8
  3625 | D:4      | Noticed an ogre
  3739 | D:4      | Found a hide-covered altar of Uskayaw.
  4024 | D:3      | Reached XP level 6. HP: 28/41 MP: 2/9
  4282 | D:4      | Noticed an ogre
  4472 | D:4      | Killed an ogre
  5007 | D:4      | Reached XP level 7. HP: 38/46 MP: 2/10
  5149 | D:5      | Entered Level 5 of the Dungeon
  5424 | D:5      | Found a basalt altar of Yredelemnul.
  6166 | D:5      | Reached XP level 8. HP: 28/52 MP: 3/11
  6271 | D:5      | Reached skill level 5 in Long Blades
  6328 | D:5      | Noticed Sigmund
  6496 | D:6      | Noticed tilp's ghost (novice MfIE)
  6538 | D:6      | Got an ichor-stained rapier
  6597 | D:5      | Identified the +8 rapier of Quantum Leap {pierce, rC+} (You
                  | found it on level 6 of the Dungeon)
  6620 | D:6      | Reached skill level 1 in Fighting
  6723 | D:6      | Reached skill level 1 in Short Blades
  6751 | D:6      | Reached skill level 2 in Short Blades
  6898 | D:6      | Found a runed gate.
  6899 | D:6      | Found a runed gate.
  6902 | D:6      | Found a runed gate.
  6905 | D:6      | Noticed a yak
  6908 | D:6      | Noticed a yak
  6910 | D:6      | Noticed a yak
  6911 | D:6      | Noticed a yak
  7311 | D:6      | Reached skill level 3 in Short Blades
  7713 | D:6      | Found a staircase to the Ecumenical Temple.
  7720 | Temple   | Entered the Ecumenical Temple
  8133 | D:6      | Found a runed door.
  8137 | D:6      | Noticed Crazy Yiuf
  8202 | D:6      | Killed Crazy Yiuf
  8210 | D:6      | Reached XP level 9. HP: 65/65 MP: 12/12
  8251 | D:6      | Reached skill level 4 in Short Blades
  8412 | D:6      | Reached skill level 5 in Fighting
  8460 | D:6      | Noticed Prince Ribbit
  8474 | D:6      | Killed Prince Ribbit
  8474 | D:6      | Reached skill level 5 in Short Blades
  8890 | D:7      | Reached skill level 6 in Short Blades
  9098 | D:7      | Reached skill level 1 in Armour
  9281 | D:7      | Found a hazy altar of Hepliaklqana.
  9586 | D:8      | Found an ancient bone altar of Kikubaaqudgha.
  9598 | D:8      | Became a worshipper of Kikubaaqudgha
  9657 | D:8      | Reached skill level 1 in Evocations
  9781 | D:8      | Noticed Psyche
  9790 | D:8      | Killed Psyche
  9790 | D:8      | Reached XP level 10. HP: 40/76 MP: 7/13
  9800 | D:8      | Found a snail-covered altar of Cheibriados.
  9800 | D:8      | Found a white marble altar of Elyvilon.
 10382 | D:8      | Found Ranuumapa's Lightly-Used Armoury.
 10464 | D:8      | Reached skill level 7 in Short Blades
 10628 | D:9      | Found a staircase to the Lair.
 10630 | D:9      | Found a runed gate.
 10636 | D:9      | Found a runed gate.
 10636 | D:9      | Noticed a harpy
 10638 | D:9      | Noticed phyphor's ghost (novice SpEn)
 11057 | D:9      | Reached * piety under Kikubaaqudgha
 11057 | D:9      | Identified Kikubaaqudgha's Catalogue of Evil Arts
                  | (Kikubaaqudgha gifted it to you on level 9 of the Dungeon)
 11057 | D:9      | Received a gift from Kikubaaqudgha
 11210 | D:9      | Found a glowing golden altar of the Shining One.
 11733 | D:9      | Found a runed gate.
 11992 | D:10     | Entered Level 10 of the Dungeon
 12035 | D:10     | Found a flagged portal.
 12100 | Bailey   | Entered a bailey
 12223 | Bailey   | Noticed an orc knight
 12631 | D:10     | Noticed a two-headed ogre
 12676 | D:9      | Reached skill level 8 in Short Blades
 12790 | D:10     | Reached skill level 5 in Evocations
 12798 | D:10     | Reached XP level 11. HP: 29/81 MP: 3/16
 13219 | D:10     | Learned a level 4 spell: Animate Dead
 13269 | D:10     | Killed a two-headed ogre
 13328 | D:10     | Noticed a two-headed ogre
 13336 | D:10     | Killed a two-headed ogre
 13412 | D:10     | Reached ** piety under Kikubaaqudgha
 13700 | D:11     | Reached skill level 9 in Short Blades
 14137 | D:11     | Noticed Grum
 14137 | D:11     | Noticed Nergalle
 14292 | D:11     | Reached skill level 5 in Spellcasting
 14322 | D:11     | Noticed a two-headed ogre
 14603 | D:10     | Killed a two-headed ogre
 14852 | D:10     | Killed Grum
 14964 | D:11     | Noticed a two-headed ogre
 14975 | D:11     | Killed a two-headed ogre
 15008 | D:11     | Noticed a cyclops
 15018 | D:11     | Noticed a brown ugly thing
 15019 | D:11     | HP: 4/81 [ogre/+0 giant club (15)]
 15020 | D:11     | Slain by a wolf

Vault maps used:
D:1:      minmay_arrival_semitransparent
D:2:      chequers_ecumenical_altar_simple
D:4:      minmay_razor_zed, eat_drink_and_be_merry_uskayaw
D:5:      lemuel_round_altar, first_ration, uniq_sigmund
D:6:      minmay_temple_entry_statues, gammafunk_ghost_icy, hex_medium,
          uniq_prince_ribbit1, uniq_crazy_yiuf_cottage
D:7:      marbit_many_paths
D:8:      grunt_temple_overflow_open, kiku_gazebo_garden_becter,
          blue_anna_alchemist, minmay_shop_damaged, uniq_psyche
D:9:      dpeg_oklobed_lair, serial_ice, serial_ice_i, serial_ice_b,
          serial_ice_a, serial_ice_d, gammafunk_ghost_split,
          roderic_serpentine_path, nicolae_tso_carved_into_rock
D:10:     enter_bailey_8
D:11:     nicolae_blasting_shop, uniq_grum, uniq_erolcha, uniq_nergalle
Temple:   nicolae_temple_elliptical
Bailey:   bailey_axe_3, bailey

Skill      XL: |  1  2  3  4  5  6  7  8  9 10 11 |
---------------+----------------------------------+-----
Necromancy     | 5 6 7 |  7.7
Stealth        | 3 |  3.0
Long Blades    | 1 2 3 4 5 |  5.2
Fighting       | 4 6 |  6.0
Short Blades   | 3 6 8 9 |  9.8
Armour         | 2 4 |  4.1
Evocations     | 2 5 6 |  6.1
Spellcasting   | 3 5 |  5.9
Dodging        | |  2.0

Action                   |  1- 3 |  4- 6 |  7- 9 | 10-12 || total
-------------------------+-------+-------+-------+-------++-------
Melee: Dagger            |    23 |     2 |       |       ||    25
       Hand axe          |       |    28 |       |       ||    28
       Falchion          |       |    64 |    76 |       ||   140
       Rapier            |       |       |   127 |   230 ||   357
 Cast: Pain              |    35 |    98 |   106 |    85 ||   324
       Animate Skeleton  |    14 |    14 |    19 |    11 ||    58
       Vampiric Draining |       |    10 |    21 |    25 ||    56
       Animate Dead      |       |       |       |     9 ||     9
Invok: Receive Corpses   |       |       |       |     5 ||     5
  Use: Scroll            |       |    11 |     2 |     3 ||    16
       Potion            |       |     2 |     3 |     1 ||     6
 Stab: Sleeping          |     2 |     1 |       |     2 ||     5
       Distracted        |     1 |       |       |       ||     1
  Eat: Chunk             |     2 |     8 |    10 |    13 ||    33
       Ration            |       |     3 |     3 |     2 ||     8
Armor: Leather armour    |     9 |    19 |    27 |       ||    55
       Skin              |       |    29 |    13 |       ||    42
       Ring mail         |       |       |    22 |    56 ||    78
Dodge: Dodged            |    16 |    82 |   126 |   192 ||   416
       Deflected         |       |       |     4 |       ||     4
       Rpst.: Falchion   |       |    19 |    23 |       ||    42

Table legend:
 A = Non-vault XP
 B = Vault XP
 C = Vault XP percentage of total XP
 D = Non-vault monster count
 E = Vault monster count
 F = Vault count percentage of total count
                 A         B        C        D         E       F
            +---------+---------+-------+---------+---------+-------
      Total |   11308 |    1712 |  13.1 |     214 |      37 |  14.7
            +---------+---------+-------+---------+---------+-------
        D:1 |      35 |       0 |   0.0 |      21 |       0 |   0.0
        D:2 |      72 |       0 |   0.0 |      23 |       0 |   0.0
        D:3 |     161 |       0 |   0.0 |      20 |       0 |   0.0
        D:4 |     174 |     292 |  62.7 |      10 |       8 |  44.4
        D:5 |     404 |       0 |   0.0 |      13 |       0 |   0.0
        D:6 |    1169 |     254 |  17.8 |      30 |       2 |   6.2
        D:7 |     671 |       3 |   0.4 |      20 |       1 |   4.8
        D:8 |     986 |     421 |  29.9 |      14 |       2 |  12.5
        D:9 |    1226 |     347 |  22.1 |      24 |       9 |  27.3
       D:10 |    4126 |     196 |   4.5 |      26 |       2 |   7.1
       D:11 |    2094 |      58 |   2.7 |      12 |       1 |   7.7
     Temple |     190 |       0 |   0.0 |       1 |       0 |   0.0
     Bailey |       0 |     141 | 100.0 |       0 |      12 | 100.0
            +---------+---------+-------+---------+---------+-------
